 Seeded DCSS version 0.28-a0-10-g964c8b829e (webtiles) character file.

Game seed: 694208008 (custom seed)

325 muata the Magician (level 6, -3/45 HPs)
             Began as a Draconian Conjurer on July 25, 2021.
             Slain by an orc warrior (15 damage)
             ... on level 4 of the Dungeon on July 26, 2021.
             The game lasted 00:16:45 (4641 turns).

muata the Magician (Draconian Conjurer)             Turns: 4641, Time: 00:16:46

Health: -3/45      AC:  6    Str:  9    XL:     6   Next: 24%
Magic:  6/14       EV: 12    Int: 21    God:
Gold:   455        SH:  0    Dex:  9    Spells: 9/16 levels left

rFire   + . .      SeeInvis .   c - +0 dagger (protect)
rCold   . . .      Faith    .   (no shield)
rNeg    . . .      Spirit   .   (armour unavailable)
rPois   .          Reflect  .   (helmet restricted)
rElec   .          Harm     .   (no cloak)
rCorr   .          Rampage  .   (no gloves)
Will    .....                   (no boots)
Stlth   ++........              (no amulet)
HPRegen 0.15/turn               l - ring of protection from fire
MPRegen 0.14/turn               (no ring)

@: no status effects
A: AC +6, unfitting armour, cold-blooded
a: no special abilities


You were on level 4 of the Dungeon.
You visited 1 branch of the dungeon, and saw 4 of its levels.
You also visited: Ossuary.

You collected 455 gold pieces.

Inventory:

Hand Weapons
 b - a +0 club
 c - a +0 dagger of protection (weapon)
Jewellery
 l - a ring of protection from fire (left hand)
Scrolls
 a - a scroll of holy word {unknown}
 e - a scroll of fear {unknown}
 f - a scroll of identify {unknown}
 g - a scroll of acquirement {unknown}
 k - 2 scrolls of teleportation {unknown}
 m - a scroll of noise {unknown}
Potions
 d - 2 potions of curing {unknown}
 h - a potion of brilliance {unknown}
 i - a potion of degeneration {unknown}
 j - a potion of invisibility {unknown}


   Skills:
 - Level 1.7 Dodging
 - Level 1.7 Stealth
 + Level 5.5 Spellcasting
 - Level 5.0 Conjurations


You had 9 spell levels left.
You knew the following spells:

 Your Spells              Type           Power      Damage    Failure   Level
a - Magic Dart            Conj           100%       1d8       1%          1
b - Searing Ray           Conj           52%        3d5       1%          2
c - Fulminant Prism       Conj/Hex       8%         3d7       36%         4

Your spell library contained the following spells:

 Spells                   Type           Power      Damage    Failure   Level
 Dazzling Flash           Conj/Hex       32%        N/A       11%         3
 Call Imp                 Summ           5%         N/A       16%         2
 Mephitic Cloud           Conj/Pois/Air  12%        N/A       16%         3
 Iskenderun's Mystic Bla  Conj/Tloc      16%        2d5       36%         4


Dungeon Overview and Level Annotations

Branches:
Dungeon (4/15)            Ossuary (visited)
 Temple: D:4-7

Altars:


Innate Abilities, Weirdness & Mutations

Your plain brown scales are hard. (AC +6)
You cannot fit into any form of body armour.
You are cold-blooded and may be slowed by cold attacks.


Message History

The searing ray hits the hobgoblin.
You kill the hobgoblin! (Press . to maintain the ray.)
You see here a hobgoblin corpse.
An orc warrior is nearby!
Casting: Searing Ray (safe; 1% risk of failure)
Confirm with . or Enter, or press ? or * to list all spells.
Aiming: Searing Ray (safe; 1% risk of failure)
Press: ? - help, Shift-Dir - straight line, f - orc warrior
Aim: an orc warrior, wielding a +0 hand axe and wearing a +0 chain mail (77% to hit)
The searing ray hits the orc warrior but does no damage. (Press . to maintain the ray.)
The orc warrior hits you with a +0 hand axe.
The searing ray hits the orc warrior!
The orc warrior is heavily wounded.
The orc warrior closely misses you.
Unknown command.
The searing ray hits the orc warrior.
The orc warrior is heavily wounded.
The orc warrior hits you with a +0 hand axe!
The searing ray misses the orc warrior.
You finish channeling your searing ray.
The orc warrior completely misses you. The orc warrior misses you.
The orc warrior completely misses you.
The orc warrior hits you with a +0 hand axe!
Casting: Searing Ray (safe; 1% risk of failure)
Confirm with . or Enter, or press ? or * to list all spells.
Aiming: Searing Ray (safe; 1% risk of failure)
Press: ? - help, Shift-Dir - straight line, f/p - orc warrior
Aim: an orc warrior, wielding a +0 hand axe and wearing a +0 chain mail (heavily wounded, 77% to hit)
The searing ray hits the orc warrior.
The orc warrior is severely wounded. (Press . to maintain the ray.)
The orc warrior hits you with a +0 hand axe.
The searing ray misses the orc warrior.
The orc warrior hits you with a +0 hand axe!
* * * LOW HITPOINT WARNING * * *
The searing ray misses the orc warrior.
The orc warrior hits you with a +0 hand axe!
You die...

########
#..##..#
##.†##.@###
#.##†.##o!#
#.##..##[)#
#.#########
#.####).†.##
##....####.#
######### #.#
#....)..# #.#
#.88.#..####.#
.##


You could see an orc warrior.

Vanquished Creatures
  An elf zombie (Ossuary)
  A human zombie (Ossuary)
  A gnoll shaman (D:4)
  An orc wizard (D:4)
  2 mummies (Ossuary)
  Robin (D:1)
  4 adders
  3 worms
  6 orcs
  4 ball pythons
  5 endoplasms
  6 giant cockroaches
  2 gnoll zombies (Ossuary)
  15 goblins
  9 hobgoblins
  4 jackals
  A quokka (D:4)
  3 bats
  3 goblin zombies (Ossuary)
  4 hobgoblin zombies (Ossuary)
  4 kobolds
  3 orc zombies (Ossuary)
  6 rats
89 creatures vanquished.

Notes
Turn   | Place    | Note
-------+----------+-------------------------------------------
     0 | D:1      | muata the Draconian Conjurer began the quest for the Orb.
     0 | D:1      | Reached XP level 1. HP: 14/14 MP: 3/3
   615 | D:1      | Reached XP level 2. HP: 20/20 MP: 1/5
   658 | D:1      | Found a faded altar of an unknown god.
  1315 | D:2      | Reached XP level 3. HP: 26/26 MP: 0/7
  1859 | D:2      | Noticed Robin
  1893 | D:1      | Killed Robin
  2020 | D:2      | Reached XP level 4. HP: 28/33 MP: 1/8
  2617 | D:3      | Reached skill level 5 in Conjurations
  2620 | D:3      | Learned a level 2 spell: Searing Ray
  3560 | D:4      | Found a sand-covered staircase.
  3565 | Ossuary  | Entered an ossuary
  3755 | Ossuary  | Reached XP level 5. HP: 13/38 MP: 0/11
  4118 | Ossuary  | Reached skill level 5 in Spellcasting
  4395 | D:4      | Reached XP level 6. HP: 45/45 MP: 7/13
  4459 | D:4      | Learned a level 4 spell: Fulminant Prism
  4571 | D:4      | Noticed an orc warrior
  4641 | D:4      | Slain by an orc warrior

Illustrated notes

Levels and vault maps discovered:
D:1:      dpeg_arrival_solitude, layout_loops_ring,
          hellmonk_ecumenical_altar_heavens_door, hangedman_feature_mirror
D:2:      layout_loops_corners, uniq_robin
D:3:      layout_rooms
D:4:      minmay_chambers_of_fours, layout_loops_corners,
          mainiacjoe_overflow_catch_the_wave,
          lightli_ossuary_entry_decrepit_ruins, chequers_serial_rivers_micro_c

Skill      XL: |  1  2  3  4  5 |
---------------+----------------+-----
Spellcasting   | 3 4 5 |  5.5
Conjurations   | 5 |  5.0
Dodging        | |  1.7
Stealth        | |  1.7

Action                   |  1- 3 |  4- 6 || total
-------------------------+-------+-------++-------
Melee: Unarmed           |    13 |       ||    13
       Tailslap          |     4 |     5 ||     9
       Club              |    11 |       ||    11
       Dagger            |    18 |    58 ||    76
 Cast: Magic Dart        |    75 |   141 ||   216
       Searing Ray       |       |     9 ||     9
Armor: Skin              |    33 |    46 ||    79
Dodge: Dodged            |    41 |    80 ||   121

Table legend: (Time is in decaauts)
 A = Elapsed time spent in this place.
 B = Non-inter-level travel time spent in this place.
 C = Inter-level travel time spent in this place.
 D = Time resting spent in this place.
 E = Time spent auto-exploring this place.
 F = Levels seen in this place.
 G = Mean time per level.
                   A        B        C        D        E       F      G
               +--------+--------+--------+--------+--------+-----+--------+
         Total |   4643 |   4550 |     93 |   1361 |   2554 |   5 |  928.6 |
       Dungeon |   3832 |   3739 |     93 |    890 |   2371 |   4 |  958.0 |
       Ossuary |    810 |    810 |      0 |    471 |    183 |   1 |  810.0 |
               +--------+--------+--------+--------+--------+-----+--------+

Top non-repeatable levels by time:
     D:2: 1307 daAuts
     D:1: 1294 daAuts
 Ossuary: 810 daAuts
     D:3: 795 daAuts
     D:4: 435 daAuts
